[Event "44th Chess Olympiad Open 2022"]
[Site "Chennai"]
[Date "2022.07.29"]
[Round "1.26"]
[White "Kalidjo, Imaan"]
[Black "Brunello, Sabino"]
[Result "0-1"]
[WhiteElo "1819"]
[BlackElo "2520"]
[Annotator "TA"]
[PlyCount "91"]
[EventDate "2022.??.??"]
[TimeControl "60"]

1.
d4 Nf6 2. c4 e6 3. Nf3 b6 4. g3 Ba6 5. b3 Bb7 6. Bg2 Bb4+ 7. Bd2 a5 8. O-O O-O 9. a3 Be7 10. Nc3 Ne4 11. Nxe4 Bxe4 12. Ne5 {[%emt 0:03:17] E15: Queen's Indian: 4 g3 sidelines,
4 g3 Ba6 and 4 g3 Bb7 early deviations.} Bxg2 13. Kxg2 d6 14. Nf3 {[%emt 0:02:29] [#] The position
is equal.} Nd7 $146 ({Predecessor:} 14... c5 15. Bc3 f5 16. d5
e5 17. Nd2 e4 18. e3 Nd7 19. f3 exf3+ 20. Qxf3 Bf6 {0-1 (53) Wu,D (1800)
-Dimitrov,V (2309) Veliko Gradiste 2019}) 15. Bc3 f5 16. Qd3 Qe8 17. e4 Qh5 18. Rae1 f4 19. h3 Qg6 20. Kh2 fxg3+ 21. fxg3 d5 22. cxd5 exd5 23. a4 $1 dxe4 ({
Don't do} 23... Bd6 24. Nh4 Qe6 25. e5 Rxf1 26. Rxf1 $16) 24. Qxe4 Qxe4 25. Rxe4 Bd6 26.
Kg2 Nf6 27. Re6 {[%emt 0:03:56] [#]} (27.
Ree1 $11) 27... Nh5 $1 $17 {[%emt 0:01:42] White is now going downhill.} 28.
Be1 Rfe8 $36 {[%emt 0:00:21] Black is really pushing.} 29. d5 Nf6 30. Nd4 Nxd5 31. Rxe8+ (31. Rf2 $17) 31... Rxe8 $19 32. Bf2 Bc5 33. Nf5 Re2 {
[%emt 0:02:06] Threatens to win with ...Rb2.} 34. Kg1 $2 {[%emt 0:00:00] [#]} (
34. Kf3 {was the only chance.} Rb2 35. Bxc5 bxc5 36. Ke4 Nf6+ 37. Kd3) 34...
Rxf2 35. Rxf2 {[%emt 0:00:00] Endgame KRN-KBN} g6 36. Nh4 Nc3 37. Kf1 Bxf2 38. Kxf2 {[%emt 0:00:00] KN-KN} Ne4+ 39.
Ke3 Nc5 40. Kd4 Nxb3+ 41. Kc4 Nc5 42. Kb5 Ne4 43. Kc6 Nc3 44.
Kxc7 (44. Nf3 $142 Nxa4 45. Nd4) 44... b5 ({
Not} 44... Nxa4 $2 45. Nf3 $19) 45. axb5 Nxb5+ 46. Kb6 {[%emt 0:00:00] Weighted Error Value: White=0.55/Black=0.04 
(flawless)} 0-1

[Event "44th Chess Olympiad Open 2022"]
[Site "Chennai"]
[Date "2022.07.29"]
[Round "1.27"]
[White "Thybo, Jesper Sondergaard"]
[Black "Al-Sulaiti, Ghanem"]
[Result "1-0"]
[WhiteElo "2520"]
[BlackElo "2183"]
[Annotator "TA"]
[PlyCount "97"]
[EventDate "2022.??.??"]
[TimeControl "60"]

1. e4 c5 2. Nf3 Nc6 3. Bb5 g6 4. Bxc6 bxc6 5. d4 Bg7 6. dxc5 {[%emt 0:01:00] B31: Sicilian: 2...Nc6 3
Bb5 g6.} Qa5+ 7. Nbd2 Qxc5 8. O-O {[%emt 0:03:24] The position is equal.} Nh6 9. h3 f6 {[%emt 0:12:48] [#] Prevents e5.} 10. Re1 $146 ({Predecessor:} 10. a3 O-O 11. b4 Qh5 12. Re1 d6 13. Nf1 g5 14.
Ng3 Qe8 15. Nd4 e6 16. f4 {1-0 (38) Aryan,C (2592)-Brynell,S (2406) Fagernes
2022}) 10... Nf7 11. Nb3 Qb6 12. c4 O-O 13. Be3 {[%emt 0:06:54] Inhibits
c5.} Qc7 14. c5 Rb8 15. Qc2 Re8 16. Rac1 Ba6 17. Red1 Rbd8 18. Rd2 Bh6 {[%emt 0:00:28] Black is now going downhill.} (18... e6 $14) 19. Bxh6 $16 Nxh6 20. Qc3 Nf7 {[%emt 0:
00:00] Against e5} 21. Na5 Kg7 22. b4 Bb7 23. Nd4 Bc8 24. Rcd1 Qf4 25. Re1 Qc7 26. Qe3 Rf8 27. Red1 {
[%emt 0:00:46] 0x0.002063fabc67dp-1022s more active pieces.} Rde8 28. a4 Rd8 29. Qc3 Rde8 30. Nf3 {[%emt 0:00:43] Pair of Knights!} Kg8 31. Re1 Kg7 (31... Ba6 $16 32. e5 Nxe5) 32.
e5 $18 Nxe5 (32... Kg8 $142 33. exf6 exf6 34.
Rxe8 (34. Qxf6 Ne5 $16) 34... Rxe8 35. Qxf6 Re4) 33. Nxe5 fxe5 34. Rxe5 Rf6 (34... Kg8 {
was worth a try.} 35. Nc4 Qb8) 35. Nc4 e6 (
35... Qd8 $142 36. b5 Kf7) 36. Nd6 Ref8 37.
Ne4 Kg8 38. Nxf6+ Rxf6 39. Re3 Rf5 40. Rf3 Qe5 41. Qxe5 Rxe5 {[%emt 0:30:08]
Endgame KRR-KRB} 42. Re3 Rf5 43. g4 Rf4 44. b5 cxb5 45.
axb5 Rb4 46. c6 d5 47. Ra3 Rxb5 48. Rxa7 Rc5 49. Rc7 {[%emt 0:00:00] Weighted Error Value: White=0.
05 (flawless) /Black=0.31} 1-0

[Event "44th Chess Olympiad Open 2022"]
[Site "Chennai"]
[Date "2022.07.29"]
[Round "1.27"]
[White "Haubro, Martin"]
[Black "Al-Homaid, Abdulla"]
[Result "1-0"]
[WhiteElo "2411"]
[BlackElo "1358"]
[Annotator "RC"]
[PlyCount "61"]
[EventDate "2022.??.??"]
[TimeControl "60"]

1. e4 e5 2. Nf3 Nc6 3. Bb5 a6 4. Ba4 Nf6 5. O-O b5 6. Bb3 Bc5 7. a4 Bb7 8. d3 d6 9. Nc3 b4 10. Ne2 h6 11. a5 O-O 12. c3 Ba7 13. Ng3 Bc8 14. h3 Rb8 15.
Bc4 Ne7 16. Qe2 Ng6 17. d4 exd4 18. Nxd4 Bxd4 19. cxd4 Re8 20. Bd3 c5 21. dxc5 dxc5 22. Be3 Qd6 23. f4 Qc6 24. Rac1 Nd7 25. e5 Ne7 26. Ne4 Qa4 27. Nd6 Rd8 28. Bc4 Rf8 29. Bxf7+ Rxf7 30. Qc4 Qb5 31. Qxf7+ 1-0

[Event "44th Chess Olympiad Open 2022"]
[Site "Chennai"]
[Date "2022.07.29"]
[Round "1.27"]
[White "Aziz, Husain"]
[Black "Andersen, Mads"]
[Result "1/2-1/2"]
[WhiteElo "2380"]
[BlackElo "2587"]
[Annotator "TA"]
[PlyCount "129"]
[EventDate "2022.??.??"]
[TimeControl "60"]

1. d4 d5 2. c4 c6 3. Nc3 Nf6 4. e3 e6 5. Nf3 Nbd7 6. Qc2 Bd6 7. Be2 O-O 8.
O-O dxc4 9. a4 e5 10. Bxc4 exd4 {[%emt 0:00:11] D46: Semi-Slav: 5 e3
Nbd7 6 Bd3, Black avoids the Meran.} 11. exd4 Nb6 12. Bb3 Nbd5 13. Bg5 Be6 {[%emt 0:06:55] [#]} 14. Bxd5 $146 (14. Bxf6 {seems
wilder.} Qxf6 15. Ne4 Qd8 16. Nxd6 Qxd6 17. Ng5) ({Predecessor:} 14. Ne4 Bf5
15. Nxf6+ Qxf6 16. Bxf6 Bxc2 17. Bxc2 Nxf6 18. Rfe1 g6 19. Bb3 Kg7 20. Rad1 {
½-½ (73) Bai,J (2593)-Ding,L (2799) Hangzhou 2022}) 14... cxd5 15. a5 a6 16. Bh4 Rc8 17. Qb3 Rb8 18. Ne5 Bxe5 (18... Qc7 $11) 19. dxe5 $14 {[%emt 0:00:00] [#]
And now Qa3 would win.} d4 20. Qa3 dxc3 21. exf6 Qd4 22.
fxg7 (22. Bg3 {is interesting.} Rbc8 23. fxg7 Rfe8 24. bxc3
Qxc3 25. Qxc3 Rxc3 26. Rfe1) 22... Qxg7 (22... Rfe8 $11 {
remains equal.} 23. Bg3 Rbc8) 23. Qxc3 (23. bxc3 {with more
complications.} Rbc8 24. Rac1 Bd5 25. Bg3) 23... Qxc3 24. bxc3 b6 25. Bf6 h6 26. Rfd1 bxa5 27. Rxa5 Rb6 28. Bd4 {[%emt 0:00:00] White is more active.} Rc6 29. Rd3
{[%emt 0:00:00] [#] Hoping for Rg3+.} Kh7 30. h3 Rg8 31. Kh2 Bc4 32. Rf3 Rcg6 (32... Rg5 $16 33. Rff5 Rcg6 34. Rxg5
Rxg5) 33. g4 $18 Rc8 34. Kg3 Kg8 35. Rff5 Bb5 36. Ra1 Re6 37. h4 Bd3 38. Rf4 Rb8 39. h5 Rc8 40. Kh4 Rb8 41. Rd1 Be2 42. Rg1 {[%emt 0:00:00] Strongly
threatening g5.} Rb5 43. Rf6 Bc4 44. f4 a5 45. g5 ({
White should play} 45. Rf5 $16) 45... hxg5+ (45... Rxf6 $14
46. Bxf6 (46. gxf6+ Kf8 $11) 46... a4) 46. Rxg5+ (46. fxg5 $16
Rxf6 47. Bxf6 (47. gxf6+ Kh8 $16)) 46... Rxg5 $11 {[%emt 0:00:00] The position
is equal.} 47. Kxg5 {[%emt 0:07:39] aiming for Rf5.} Rxf6 48.
Bxf6 $14 {[%emt 0:00:46] Endgame KB-KB} ({But not} 48. Kxf6 a4 49. Bc5 Kh7 $14)
48... a4 {[%emt 0:00:34] ( -> ...a3)} 49. Be7 Kg7 50. h6+ Kh7 51. Bf8 Kg8 52. Kf6 Be6 (52... Kxf8 $2
53. h7 Ke8 54. h8=Q+ $18) 53. Bd6 Kh7 54. f5 Bc4 55. Bf8 $1 Kg8 56. Ba3 Kh7 57. Bc1 a3 58. Bxa3 {[%emt 0:00:00] White wants to mate with Bc1.}
Kxh6 59. Ke5 Kg5 60. f6 Bb3 61. Be7 Kg4 62. Kd4 Kf5 63. c4 Ke6 64. c5 Kd7 65. Ke4 {[%emt 0:
00:11] Blacks defense is rewarded with a draw. Weighted Error Value: White=0.
09 (flawless) /Black=0.09 (flawless)} 1/2-1/2

[Event "44th Chess Olympiad Open 2022"]
[Site "Chennai"]
[Date "2022.07.29"]
[Round "1.27"]
[White "Yousuf M M Al Mutawa"]
[Black "Rasmussen, Allan Stig"]
[Result "0-1"]
[WhiteElo "2120"]
[BlackElo "2550"]
[Annotator "TA"]
[PlyCount "98"]
[EventDate "2022.??.??"]
[TimeControl "60"]

1. e4 c6 2. d4 d5 3. e5 Bf5 4. Bd3 Bxd3 5. Qxd3 e6 6. Nf3 Qa5+ 7. c3 Qa6 8. Qxa6 Nxa6 9. O-O Ne7
{[%emt 0:03:45] B12: Caro-Kann: Advance Variation.} 10. Nbd2 c5 11. Nb3 c4 {[%emt 0:16:39] The position
is equal.} 12. Nbd2 {[%emt 0:00:00] [#]} Nc6 $146 ({
Predecessor:} 12... Rc8 13. Re1 Ng6 14. Nf1 Be7 15. Bd2 O-O 16. g3 Rfd8 17. Kg2
Nc7 18. Ng1 Bf8 {½-½ (46) Mendoza,B (2045)-Bernales,C (2041) Subic Bay 2009})
13. Ne1 b5 14. a3 Nc7 15. f4 a5 16. Nc2 f5 17. Nf3 Kd7 18.
Bd2 Be7 19. Rfb1 Rab8 20. Kf2 Rb7 21. Bc1 b4 22. axb4 axb4 23.
Nd2 $2 ({Better is} 23. Bd2 $15) 23... Rhb8 $19 24. Ne3 Nb5 25. Nd1 Bd8
{[%emt 0:02:39] ...Ba5 is the strong threat.} 26. Nf3 Ba5 (26... Nc7 $17 27. h3 h6) 27. Bd2 $15 Nc7 28. Rc1 Bb6 29. Be3 h6 30. Ng1 {[%emt 0:04:30] [#]} ({White should try} 
30. h3 $15) 30... Na5 $1 $36 {[%emt 0:03:51][%cal Yc6a5,Ya5b3,Yb3a1] Strongly
threatening ...Nb3. Black is on the roll.} 31. Ra4 Nb3 {
[%emt 0:00:14] Inhibits Rca1.} 32. Rc2 Ra7 33. Rxa7 Bxa7 34. Ne2 Bb6 35. Nc1 Na1 {[%emt 0:02:48] Black is more
active.} 36. Re2 Ba5 37. Kf3 Nb5 38. Na2 b3 39. Nb4 (39. Nc1 $17) 39... Bxb4 $19 40. cxb4 Nc2 41. Rd2 Ra8 42. g4 Ra1 {[%emt 0:00:00] Threatens to win with ...
fxg4+.} 43. gxf5 exf5 44. Bf2 Ke6 45. Ke2 Nxb4 46. Ne3 c3 {[%emt 0:00:00] [#] aiming for ...c2.} 47. bxc3 Nxc3+ 48. Kf3 Ra2 49.
Nc4 dxc4 {[%emt 0:00:00] Weighted Error Value: White=0.75/
Black=0.05 (flawless)} 0-1

[Event "44th Chess Olympiad Open 2022"]
[Site "Chennai"]
[Date "2022.07.29"]
[Round "1.28"]
[White "Fier, Alexandr"]
[Black "Beukes, Dante M"]
[Result "1-0"]
[WhiteElo "2567"]
[BlackElo "2234"]
[Annotator "RC"]
[PlyCount "23"]
[EventDate "2022.??.??"]
[TimeControl "60"]

1. e4 c5 2. Nf3 d6 3. d4 cxd4 4. Nxd4 Nf6 5. Nc3 a6 6. Be2 e5 7. Nb3 Be7 8. Be3 Be6 9. Qd3 Nbd7 10. Nd5 Bxd5 11. exd5 O-O 12. g4 1-0

[Event "44th Chess Olympiad Open 2022"]
[Site "Chennai"]
[Date "2022.07.29"]
[Round "1.28"]
[White "Fier Alexandr"]
[Black "Beukes Dante M"]
[Result "1-0"]
[WhiteElo "2558"]
[BlackElo "2234"]
[Annotator "RC"]
[PlyCount "22"]
[EventDate "2022.??.??"]
[TimeControl "60"]

1. e4 c5 2. Nf3 d6 3. d4 cxd4 4. Nxd4 Nf6 5. Nc3 a6 6. Be2 e5 7. Nb3 Be7 8. Be3 Be6 9. Qd3 Nbd7 10. Nd5 Bxd5 11. exd5 O-O 1-0

[Event "44th Chess Olympiad Open 2022"]
[Site "Chennai"]
[Date "2022.07.29"]
[Round "1.28"]
[White "Diamant, Andre"]
[Black "Uapingene, Uatiavi Jossy"]
[Result "1-0"]
[WhiteElo "2538"]
[BlackElo "1798"]
[Annotator "RC"]
[PlyCount "95"]
[EventDate "2022.??.??"]
[TimeControl "60"]

1. c4 Nf6 2. Nc3 e6 3. Nf3 d5 4. e3 Be7 5. b3 c5 6. cxd5 Nxd5 7. Bb2 O-O 8. Qb1 Nxc3 9. Bxc3 Nc6 10. Qb2 Bf6 11. Bxf6 Qxf6 12. Qxf6 gxf6 13. Rc1 b6 14. d4 Nb4 15. a3 Na6 16. dxc5 Nxc5 17. b4 Ne4 18. Bd3 Bb7 19. Rc7 Bd5 20. Ba6 Rfe8 21. Ke2 Kf8 22. Rhc1 Re7 23. Rxe7 Kxe7 24. Rc7+ Kf8 25. Nd4 Nd6 26. f3 Ne8 27. Rc2 f5 28. g4 fxg4 29. fxg4 Be4 30. Bd3 Bxd3+ 31. Kxd3 Rd8 32. Ke2 Rd5 33. Rc8 h5 34. h3 hxg4 35. hxg4 a5 36. b5 e5 37. Nf5 e4 38. Rb8 Rd3 39. a4 f6 40.
Rxb6 Ra3 41. Rb8 Kf7 42. Rb7+ Kf8 43. Rd7 Rxa4 44. Nh6 Ra2+ 45. Kf1 Nc7 46. Rxc7 Rb2 47. Nf5 Rxb5 48. Rc8+ 1-0

[Event "44th Chess Olympiad Open 2022"]
[Site "Chennai"]
[Date "2022.07.29"]
[Round "1.28"]
[White "Eichab, Charles"]
[Black "Mekhitarian, Krikor Sevag"]
[Result "0-1"]
[WhiteElo "2048"]
[BlackElo "2542"]
[Annotator "RC"]
[PlyCount "46"]
[EventDate "2022.??.??"]
[TimeControl "60"]

1. c4 e6 2. Nf3 d5 3. g3 Nf6 4. Bg2 d4 5. b4 c5 6. bxc5 Bxc5 7. Ba3 Na6 8.
O-O O-O 9. d3 Re8 10. Bxc5 Nxc5 11. Nbd2 e5 12. Nb3 Na4 13. Qc2 Bd7 14. Ng5 Qc7 15. e3 h6 16. Ne4 Nxe4 17. Bxe4 dxe3 18. fxe3 Bc6 19. Bxc6 Qxc6 20. Na5 Qd7 21. Nxb7 Rac8 22. Rab1 Re6 23. Rb5 Qxb5 0-1

[Event "44th Chess Olympiad Open 2022"]
[Site "Chennai"]
[Date "2022.07.29"]
[Round "1.28"]
[White "Khoa, Goodwill"]
[Black "Lima, Darcy"]
[Result "0-1"]
[WhiteElo "1850"]
[BlackElo "2445"]
[Annotator "RC"]
[PlyCount "104"]
[EventDate "2022.??.??"]
[TimeControl "60"]

1. Nf3 d5 2. d4 Nf6 3. c4 dxc4 4. Nc3 c5 5. e4 cxd4 6.
Qxd4 Qxd4 7. Nxd4 e5 8. Ndb5 Kd8 9. Be3 Be6 10. Rd1+ Nbd7 11. Bxa7 Bb4 12. f3 Ke7 13. Be3 Rxa2 14. Rd2 Ra1+ 15. Rd1 Rxd1+ 16. Kxd1 Ra8 17. Kc2 Ra1 18. Nc7 Bc5 19. Bc1 Nb6 20. Nxe6 fxe6 21. Be2 Ra8 22. Rd1 h6 23. Nb5 Ne8 24. h4 Ra5 25. Nc3 Nd6 26. g4 Nd7 27. g5 h5 28. f4 g6 29. fxe5 Nxe5 30. Bf4 Ndf7 31. Bg3 b5 32. Rf1 b4 33. Nd1 Bd4 34. Bf2 Bxf2 35. Nxf2 Nd6 36. Rd1 Ra8 37. Rd2 Rf8 38. Nh3 Nxe4 39. Rd4 Ng3 40. Bxc4 Nf5 41. Re4 Nxc4 42. Rxc4 Ne3+ 43. Kd3 Nxc4 44. Kxc4 b3 45. Ng1 Rf2 46. Nh3 Rf1 47. Kd4 Rf3 48. Ng1 Rf4+ 49. Kc3 Rxh4 50. Kxb3 Rg4 51. Ne2 h4 52. Kc2 h3 0-1

[Event "44th Chess Olympiad Open 2022"]
[Site "Chennai"]
[Date "2022.07.29"]
[Round "1.29"]
[White "Cheng, Bobby"]
[Black "Alhassadi, Yousef A."]
[Result "1-0"]
[WhiteElo "2540"]
[BlackElo "2068"]
[Annotator "RC"]
[PlyCount "58"]
[EventDate "2022.??.??"]
[TimeControl "60"]

1. Nf3 d5 2. c4 e6 3. g3 c5 4. cxd5 exd5 5. Bg2 Nc6 6. d4 Nf6 7. O-O c4 8. b3 cxb3 9. axb3 Qb6 10. Nc3 Be7 11. Bg5 Be6 12. e3 O-O 13.
Ne5 h6 14. Bxf6 Bxf6 15. Ng4 Bd8 16. Nxd5 Qb5 17. Nc3 Qb4 18. Na2 Qxb3 19. Qxb3 Bxb3 20. Rfb1 Bxa2 21. Rxa2 Bb6 22. Bxc6 bxc6 23. Ne5 c5 24. d5 Rfd8 25. Nc6 Rf8 26. e4 f6 27. f4 c4+ 28. Kg2 Rfe8 29. d6 Rec8 1-0

[Event "44th Chess Olympiad Open 2022"]
[Site "Chennai"]
[Date "2022.07.29"]
[Round "1.29"]
[White "Zhao, Zong-Yuan"]
[Black "Abugenda, Nagi"]
[Result "1-0"]
[WhiteElo "2513"]
[BlackElo "1991"]
[Annotator "ChessBase"]
[PlyCount "73"]
[EventDate "2022.??.??"]
[TimeControl "60"]

1. d4 Nf6 2. c4 e6 3. Nf3 Bb4+ 4. Nbd2 b6 5. a3 Bxd2+ 6. Qxd2 Bb7 7. e3 Ne4 8. Qc2 O-O 9. Bd3 f5 10. O-O Qe8 11. Ne1 Qh5 12. Be2 Qh4 13.
d5 Rf6 14. Nf3 Qh6 15. b4 Ng5 16. e4 f4 17. Bb2 Rg6 18. Ne5 f3 19. Nxf3 Nh3+ 20. Kh1 Nf4 21. Bc1 e5 22. Nxe5 Qg5 23. g3 Qxe5 24. Bxf4 Qe7 25. Bh5 d6 26. c5 Na6 27. c6 Bc8 28. e5 dxe5 29. Rfe1 Bh3 30. Rxe5 Qf6 31. Qe2 Rf8 32. Qxa6 Rg5 33. Qe2 Rf5 34. Re1 g5 35. Bg4 Rxe5 36. Bxe5 Bxg4 37. Qxg4 1-0

[Event "44th Chess Olympiad Open 2022"]
[Site "Chennai"]
[Date "2022.07.29"]
[Round "1.29"]
[White "Attalib, Osama A."]
[Black "Kuybokarov, Temur"]
[Result "0-1"]
[WhiteElo "2033"]
[BlackElo "2583"]
[Annotator "RC"]
[PlyCount "136"]
[EventDate "2022.??.??"]
[TimeControl "60"]

1. e4 e5 2. Nf3 Nc6 3. Bb5 a6 4. Bxc6 dxc6 5. d4 exd4 6.
Qxd4 Qxd4 7. Nxd4 Bd7 8. Nc3 O-O-O 9. Be3 Ne7 10. O-O-O Ng6 11. Nb3 b6 12. f3 Be7 13. a3 f5 14. exf5 Bxf5 15. Nd4 Bd7 16.
Ne4 h6 17. Rhe1 c5 18. Ne2 Nh4 19. Rg1 g5 20. Bf2 Ng6 21. h3 h5 22. Be3 g4 23. hxg4 hxg4 24. Bg5 Bxg5+ 25. Nxg5 Rh2 26. fxg4 Re8 27. Nc3 Bxg4 28. Nf3 Bxf3 29. gxf3 Nh4 30. Rgf1 Nf5 31. Rh1 Reh8 32. Rxh2 Rxh2 33. Rd2 Rh1+ 34. Rd1 Rh3 35. f4 Nd4 36. Rf1 Rh2 37. f5 Rxc2+ 38. Kb1 Rh2 39. f6 Rh8 40. Nd5 Nc6 41. Nf4 Ne5 42. Re1 Rh4 43. Ne6 Nf7 44. Ng7 Rf4 45. Nh5 Rf5 46. Re7 Nd6 47. Rh7 Rf2 48. Rh8+ Kb7 49. Rf8 Ne4 50. f7 Nd6 51. Ng7 Rxf7 52. Rxf7 Nxf7 53. Nf5 Nd6 54. Ne3 c4 55. Kc2 Kc6 56. Kc3 Kc5 57. Ng4 Ne4+ 58. Kc2 Kd4 59. Nh6 Ke5 60. Nf7+ Ke6 61. Nd8+ Kd5 62. Nf7 b5 63. Nh6 c5 64. Nf5 b4 65. Ne3+ Kd4 66. Nf5+ Ke5 67. Ne3 b3+ 68. Kc1 Kd4 0-1

[Event "44th Chess Olympiad Open 2022"]
[Site "Chennai"]
[Date "2022.07.29"]
[Round "1.29"]
[White "Fates, Omer Salah"]
[Black "Tan, Justin"]
[Result "0-1"]
[WhiteElo "1940"]
[BlackElo "2508"]
[Annotator "RC"]
[PlyCount "62"]
[EventDate "2022.??.??"]
[TimeControl "60"]

1. e4 c6 2. d4 d5 3. exd5 cxd5 4. Nf3 Nc6 5. Be2 Bf5 6. O-O e6 7. Be3 Bd6 8. Nbd2 h6 9. c4 Nge7 10. c5 Bc7 11. a3 a5 12. Rc1 O-O 13.
Re1 Bh7 14. Nf1 f6 15. Bd3 a4 16. Ng3 Bxd3 17. Qxd3 e5 18. dxe5 fxe5 19. Rcd1 Qe8 20. Nh4 e4 21. Qe2 g5 22. Qg4 Ne5 23. Qe6+ Qf7 24. Qxh6 gxh4 25. Qxh4 Ra6 26. Bg5 N7g6 27. Qh5 Nd3 28. Rf1 Qh7 29. Bh6 Ngf4 30. Bxf4 Qxh5 31. Nxh5 Bxf4 0-1

[Event "44th Chess Olympiad Open 2022"]
[Site "Chennai"]
[Date "2022.07.29"]
[Round "1.30"]
[White "Peralta, Fernando"]
[Black "Fortes, Aires"]
[Result "1-0"]
[WhiteElo "2591"]
[BlackElo "1508"]
[Annotator "RC"]
[PlyCount "49"]
[EventDate "2022.??.??"]
[TimeControl "60"]

1. Nf3 Nc6 2. d4 e6 3. e4 Nf6 4. e5 Nd5 5. c4 Bb4+ 6. Nbd2 Nde7 7. a3 Bxd2+ 8. Bxd2 d6 9. exd6 cxd6 10. Bc3 d5 11. c5 a5 12. b4 axb4 13. axb4 Rxa1 14. Qxa1 Ng6 15. b5 Nb8 16. Qa8 Qc7 17. b6 Qc6 18. Qxb8 O-O 19. Be2 e5 20. O-O Nf4 21. Qxe5 Nh3+ 22. gxh3 Re8 23. Qd6 Qxd6 24. cxd6 Rxe2 25. Ne5 1-0

[Event "44th Chess Olympiad Open 2022"]
[Site "Chennai"]
[Date "2022.07.29"]
[Round "1.30"]
[White "Krysa, Leandro"]
[Black "Mirulla, David"]
[Result "1-0"]
[WhiteElo "2515"]
[BlackElo "1953"]
[Annotator "RC"]
[PlyCount "107"]
[EventDate "2022.??.??"]
[TimeControl "60"]

1. d4 Nf6 2. c4 g6 3. Nc3 Bg7 4. e4 d6 5. h3 O-O 6. Be3 e5 7. d5 a5 8. g4 Na6 9. Qd2 Nc5 10. f3 Ne8 11. h4 f5 12. g5 f4 13. Bf2 Rf7 14. Bh3 Bf8 15.
O-O-O Ng7 16. Kb1 b6 17. Bxc8 Rxc8 18. Nh3 Nh5 19. Bg1 Nd7 20. Bh2 Be7 21. Nb5 Nc5 22. Qg2 Qd7 23. Nf2 Rcf8 24. Ng4 Bd8 25. Nh6+ Kg7 26. Nxf7 Rxf7 27. Rhe1 Kh8 28. Bg1 Nb7 29. Bf2 Ng7 30. Rg1 Nh5 31. Qg4 Kg8 32. Qxd7 Rxd7 33. b3 Kf7 34. a3 Ng7 35. b4 Be7 36. Kc2 Ne8 37. Be1 Rd8 38. bxa5 bxa5 39. Rb1 a4 40. Nc3 Na5 41. Rb4 Nb3 42. Bf2 Nd4+ 43. Bxd4 exd4 44. Nb5 Ra8 45. Nxd4 Ng7 46. Rb7 Bd8 47. Nc6 Ke8 48. Rgb1 Ra6 49. Rb8 Rxc6 50. dxc6 Ne6 51. Kd3 Kf7 52. R1b5 Be7 53. Ra8 Nd8 54. Rxd8 1-0

[Event "44th Chess Olympiad Open 2022"]
[Site "Chennai"]
[Date "2022.07.29"]
[Round "1.30"]
[White "Rodriguez Guevara, Celia M."]
[Black "Tristan, Leonardo"]
[Result "0-1"]
[WhiteElo "1859"]
[BlackElo "2558"]
[Annotator "RC"]
[PlyCount "56"]
[EventDate "2022.??.??"]
[TimeControl "60"]

1. e4 e5 2. Nf3 Nc6 3. Bc4 Bc5 4. c3 Nf6 5. d3 a5 6. a4 d6 7. Bb3 h6 8. Nbd2 O-O 9. O-O Be6 10. Bc2 Ba7 11. h3 Nd7 12. Re1 Kh8 13.
Nf1 f5 14. exf5 Bxf5 15. Ng3 Bg6 16. Be3 Bxe3 17. Rxe3 Qf6 18. Bb3 Rae8 19. Qd2 Nc5 20. Bc4 Bf7 21. Bxf7 Qxf7 22. Ne4 Nb3 23. Qd1 Nxa1 24. Qxa1 Ne7 25. c4 Ng6 26. Ng3 Nf4 27. Qe1 b6 28. Re4 Nxh3+ 0-1

[Event "44th Chess Olympiad Open 2022"]
[Site "Chennai"]
[Date "2022.07.29"]
[Round "1.30"]
[White "Teixeira, Gil"]
[Black "Perez Ponsa, Federico"]
[Result "0-1"]
[WhiteElo "1741"]
[BlackElo "2554"]
[Annotator "RC"]
[PlyCount "66"]
[EventDate "2022.??.??"]
[TimeControl "60"]

1. e4 c5 2. Nf3 d6 3. Be2 Nf6 4. Nc3 g6 5. d3 Bg7 6. h3 O-O 7. O-O Nc6 8. Be3 e5 9. Qd2 Nd4 10. Bd1 Re8 11. Bh6 Be6 12. Bxg7 Kxg7 13. Nxd4 cxd4 14. Ne2 d5 15. f3 Qb6 16. b3 Rac8 17. Kh2 Qc7 18. Kh1 Nh5 19. g4 Nf4 20. Nxf4 exf4 21. Rc1 h5 22. Kg2 Rh8 23. Rh1 hxg4 24. fxg4 dxe4 25. dxe4 Qe5 26. Bf3 Rc3 27. Rhd1 Rxf3 28. Kxf3 Rxh3+ 29. Kg2 Qxe4+ 30. Kxh3 Qf3+ 31. Kh2 Qg3+ 32. Kh1 Bd5+ 33. Qg2 Qxg2# 0-1

[Event "44th Chess Olympiad Open 2022"]
[Site "Chennai"]
[Date "2022.07.29"]
[Round "1.31"]
[White "Berg, Emanuel"]
[Black "Parsons, Justin"]
[Result "0-1"]
[WhiteElo "2533"]
[BlackElo "1749"]
[Annotator "RC"]
[PlyCount "66"]
[EventDate "2022.??.??"]
[TimeControl "60"]

1. e4 Nf6 2. Nc3 d5 3. exd5 Nxd5 4. Nf3 Nxc3 5. dxc3 Qxd1+ 6. Kxd1 f6 7. Be3 e5 8. h3 Be6 9. Bb5+ Nd7 10. Ke2 c6 11.
Bd3 Nc5 12. Bxc5 Bxc5 13. Rhd1 Ke7 14. Nd2 Rad8 15. Ne4 Bb6 16. Ke1 g6 17. Be2 f5 18. Nd2 e4 19. Nc4 Bc7 20. a4 f4 21.
Rd4 f3 22. gxf3 exf3 23. Bf1 Rxd4 24. cxd4 Rf8 25. Rd1 Rf4 26. b3 Re4+ 27. Ne3 Ba5+ 28. Rd2 Rxd4 29. Bd3 Bxh3 30. Nc4 Bxd2+ 31. Kxd2 Bf5 32. Ke3 Bxd3 33. Kxd4 Bxc4 0-1

[Event "44th Chess Olympiad Open 2022"]
[Site "Chennai"]
[Date "2022.07.29"]
[Round "1.31"]
[White "Hillarp Persson, Tiger"]
[Black "Blackman, Justin"]
[Result "1/2-1/2"]
[WhiteElo "2516"]
[BlackElo "2195"]
[Annotator "RC"]
[PlyCount "92"]
[EventDate "2022.??.??"]
[TimeControl "60"]

1. Nf3 Nf6 2. g3 e6 3. Bg2 d5 4. O-O Be7 5. d3 c5 6. Nbd2 Nc6 7. e4 b6 8. Re1 Bb7 9. Qe2 Qc7 10. c3 O-O 11. e5 Nd7 12. Nf1 b5 13.
Bf4 Nb6 14. h4 Rfd8 15. d4 b4 16. N1h2 bxc3 17. bxc3 cxd4 18. Nxd4 Na4 19. Rac1 Rac8 20. Qg4 Nc5 21. Bf1 Ba6 22. Bxa6 Nxa6 23. Bg5 Bxg5 24. Qxg5 h6 25. Qe3 Nxd4 26. cxd4 Qa5 27. a3 Rc4 28. Nf3 Rdc8 29. Kg2 Rc3 30. Qd2 R8c4 31. Rxc3 Qxc3 32. Qxc3 Rxc3 33. Rb1 Kf8 34. Rb7 Rc7 35. Rb5 Ke8 36. h5 Kd7 37. g4 Kc8 38. g5 Rc3 39. g6 fxg6 40. hxg6 Rxa3 41. Ng1 Ra4 42. Ne2 Nc7 43. Rb3 Ra2 44. Nf4 Ra4 45. Ne2 Ra2 46. Nf4 Ra4 1/2-1/2

[Event "44th Chess Olympiad Open 2022"]
[Site "Chennai"]
[Date "2022.07.29"]
[Round "1.31"]
[White "Husbands, Orlando"]
[Black "Blomqvist, Erik"]
[Result "1-0"]
[WhiteElo "2353"]
[BlackElo "2521"]
[Annotator "ChessBase"]
[PlyCount "80"]
[EventDate "2022.??.??"]
[TimeControl "60"]

1. d4 Nf6 2. c4 e6 3. Nc3 Bb4 4. Qc2 c5 5. dxc5 O-O 6. Nf3 Na6 7. g3 Nxc5 8.
Bg2 Nce4 9. O-O Bxc3 10. bxc3 Qc7 11. Nd4 d5 12. cxd5 exd5 13. Bf4 Qc5 14. Rab1 b6 15. Rfc1 Bd7 16. Be3 Rfc8 17. Qd3 Qa5 18. c4 dxc4 19. Rxc4 Rxc4 20. Qxc4 Rc8 21. Qb3 Nd2 22. Bxd2 Qxd2 23. e3 Rc3 24. Nf3 Qc2 25. Qxc2 Rxc2 26. Rd1 g6 27. e4 Ba4 28. e5 Ng4 29. e6 fxe6 30. Rd4 Rc1+ 31. Bf1 Bb5 32. Nd2 Ne5 33. Kg2 Bc6+ 34. Kh3 Bd5 35. Bg2 Bxa2 36. Rd8+ Kg7 37. f4 Nf7 38. Rd7 e5 39. Rxa7 Be6+ 40. f5 gxf5 1-0